 Dungeon Crawl Stone Soup version 0.32-a0-411-g744942f433 (webtiles) character file.

Game seed: 10653810272985511879

37 cforsyth the Slasher (level 3, 0/28 HPs)
             Began as a Coglin Gladiator on Feb 20, 2024.
             Succumbed to Crazy Yiuf's poison
             ... on level 2 of the Dungeon.
             The game lasted 00:02:02 (1293 turns).

cforsyth the Slasher (Coglin Gladiator)             Turns: 1293, Time: 00:02:03

Health: 0/28       AC:  4    Str: 14    XL:     3   Next: 39%
Magic:  0/3        EV: 12    Int:  7    God:
Gold:   99         SH:  0    Dex: 17    Spells: 2/2 levels left

rFire   . . .        a - +0 long sword {Chikashi}
rCold   . . .        q - +7 hammer "Hydrabane" {freeze, Stlth+}
rNeg    . . .        b - +0 leather armour
rPois   .            c - +0 helmet
rElec   .            (no cloak)
rCorr   .            (no gloves)
SInv    .            (no boots)
Will    .....        (no amulet)
Stlth   ++           (no ring)
HPRegen 0.24/turn    (no ring)
MPRegen 0.08/turn

%: no passive effects
@: lethally poisoned (0 -> -4), revved
A: off-hand wielding, slow wielding, warmup strikes, legs shutdown
a: no special abilities


You were on level 2 of the Dungeon.
You visited 1 branch of the dungeon, and saw 2 of its levels.

You collected 99 gold pieces.


Innate Abilities, Weirdness & Mutations

You can wield a second weapon in your off-hand.
It takes a long time for you to wield or remove held weapons.
Your first few attacks do less damage.
Attacking and casting redirects power from your legs.


   Skills:
 + Level 2.7 Fighting
 - Level 3.4 Long Blades
 + Level 0.1 Maces & Flails
 - Level 1.7 Throwing
 + Level 1.2 Armour
 - Level 2.6 Dodging


You had 2 spell levels left.
You didn't know any spells.
Your spell library contained the following spells:

 Spells                   Type           Power      Damage    Failure   Level
 Mercury Vapours          Alch/Air       0%         N/A       65%         2
 Mephitic Cloud           Conj/Alch/Air  0%         N/A       86%         3
 Freezing Cloud           Conj/Ice/Air   0%         6-21      100%        5

Inventory:

Hand Weapons
 a - a +0 long sword (weapon) {Chikashi}
 q - the +7 hammer "Hydrabane" (offhand) {freeze, Stlth+}
   (You found it on level 2 of the Dungeon)

   Stlth+:    It makes you more stealthy.
Missiles
 d - 3 throwing nets (quivered) {=f}
 e - a javelin
Armour
 b - a +0 leather armour (worn)
 c - a +0 helmet (worn)
 p - a +0 pair of boots
Jewellery
 h - an amulet of faith {!P}
 L - a ring of flight
Scrolls
 m - a scroll of revelation {unknown}
 r - a scroll of identify {unknown}
Potions
 f - a potion of curing {unknown}
 g - a potion of mutation {unknown}
 j - a potion of brilliance {unknown}
 k - a potion of degeneration {unknown}
 l - a potion of might {unknown}
 n - a potion of lignification {unknown}
 s - a potion of enlightenment {unknown}

Dungeon Overview and Level Annotations

Branches:
Dungeon (2/15)

Altars:

Shops:
D:2 :

Annotations:
D:2 Crazy Yiuf

.⌠.⌠..##.................#
.........###...###.......#
..∩......# #...# #.......#
......#### ##### ######.##
.⌠.⌠..# ### .....#########
....####...#.### ▒▒▒▒
....##..).P)#..#▒...▒
...........####.@)..▒
.......#.P## ##▒g))▒
...(...#### ▒▒▒▒ .......#
....#### ....# #### ....#
#..# ....# #.## #.#.# #.#


You could see Crazy Yiuf.


Message History

The floor.
Unknown command.
You sock Crazy Yiuf with the +7 hammer "Hydrabane"!
You freeze Crazy Yiuf.
Crazy Yiuf is almost dead.
You hit Crazy Yiuf but do no damage.
You feel sick.
Crazy Yiuf zaps a wand.
You turn into a bat.
Your +0 long sword {Chikashi} melds into your body.
Your +0 helmet melds into your body.
The +7 hammer "Hydrabane" {freeze, Stlth+} melds into your body.
Your +0 leather armour melds into your body.
The +7 hammer "Hydrabane" {freeze, Stlth+} stops glowing.
Unknown command.
You cannot move.
You cannot move.
You are no longer unable to travel.
You feel sick.
Crazy Yiuf hits you with a +3 quarterstaff of chaos!
* * * LOW HITPOINT WARNING * * *
Unknown command.
It was a potion of cancellation.
Your magical effects are unravelling.
You feel magically purged.
You feel less batty.
Your +0 long sword {Chikashi} unmelds from your body.
Your +0 helmet unmelds from your body.
The +7 hammer "Hydrabane" {freeze, Stlth+} unmelds from your body.
Your +0 leather armour unmelds from your body.
The +7 hammer "Hydrabane" {freeze, Stlth+} glows with a cold blue light!
You die...

Skill      XL: |  1  2 |
---------------+-------+-----
Armour         | 1 |  1.2
Fighting       | |  2.7
Long Blades    | |  3.4
Maces & Flails | |  0.1
Throwing       | |  1.7
Dodging        | |  2.6

Action                     || total
---------------------------++-------
  Melee: Long sword        ||    58
         Mace              ||     4
    Use: Potion            ||     3
 Armour: Leather armour    ||    41
         Skin              ||     1
  Dodge: Dodged            ||    52

Levels and vault maps discovered:
D:1:      erik_arrival_orb_chamber, layout_basic
D:2:      layout_rooms, hangedman_decor_opposing, nicolae_shop_vocational,
          uniq_crazy_yiuf_cottage

Notes
Turn   | Place    | Note
-------+----------+-------------------------------------------
     0 | D:1      | cforsyth the Coglin Gladiator began the quest for the Orb.
     0 | D:1      | Reached XP level 1. HP: 16/16 MP: 1/1
    94 | D:1      | Reached XP level 2. HP: 22/22 MP: 2/2
   532 | D:1      | Reached skill level 1 in Armour
   811 | D:2      | Reached XP level 3. HP: 27/28 MP: 3/3
   844 | D:2      | Found Abes Aso's Vocational Training.
   933 | D:2      | Found a runed translucent door.
   934 | D:2      | Identified the +7 hammer "Hydrabane" {freeze, Stlth+}
   934 | D:2      | Noticed Crazy Yiuf
  1292 | D:2      | HP: 1/28 [Crazy Yiuf/+3 quarterstaff of chaos (7)]
  1293 | D:2      | Succumbed to Crazy Yiuf's poison

Vanquished Creatures
  A dart slug (D:1)
  3 ball pythons
  2 endoplasms (D:2)
  3 giant cockroaches
  2 goblins (D:1)
  2 hobgoblins
  3 quokkas
  2 bats
18 creatures vanquished.

Table legend: (Time is in decaauts)
 A = Elapsed time spent in this place.
 B = Non-inter-level travel time spent in this place.
 C = Inter-level travel time spent in this place.
 D = Time resting spent in this place.
 E = Time spent auto-exploring this place.
 F = Levels seen in this place.
 G = Mean time per level.
                   A        B        C        D        E       F      G
               +--------+--------+--------+--------+--------+-----+--------+
         Total |   1306 |   1271 |     35 |      0 |   1082 |   2 |  653.0 |
       Dungeon |   1306 |   1271 |     35 |      0 |   1082 |   2 |  653.0 |
               +--------+--------+--------+--------+--------+-----+--------+

Top non-repeatable levels by time:
     D:1: 814 daAuts
     D:2: 492 daAuts

Table legend:
 A = Non-vault XP
 B = Vault XP
 C = Vault XP percentage of total XP
 D = Non-vault monster count
 E = Vault monster count
 F = Vault count percentage of total count
                 A         B        C        D         E       F
            +---------+---------+-------+---------+---------+-------
      Total |      53 |       0 |   0.0 |      18 |       0 |   0.0
            +---------+---------+-------+---------+---------+-------
        D:1 |      31 |       0 |   0.0 |      10 |       0 |   0.0
        D:2 |      22 |       0 |   0.0 |       8 |       0 |   0.0
            +---------+---------+-------+---------+---------+-------
